 Dungeon Crawl Stone Soup version 0.21.1-1-g345015fe64 (webtiles) character file.

44 Freyura the Shield-Bearer (level 3, -2/33 HPs)
             Began as a Minotaur Fighter on June 17, 2018.
             Slain by Sigmund
             ... wielding a +0 scythe
              (4 damage)
             ... on level 2 of the Dungeon.
             The game lasted 00:03:00 (1221 turns).

Freyura the Shield-Bearer (Minotaur Fighter)        Turns: 1221, Time: 00:03:01

Health: -2/33      AC:  9    Str: 20    XL:     3   Next: 39%
Magic:  2/2        EV:  5    Int:  5    God:
Gold:   24         SH:  9    Dex: 10    Spells: 2/2 levels left

rFire    . . .     SeeInvis +   a - +0 flail
rCold    . . .     Gourm    .   c - +0 shield
rNeg     . . .     Faith    .   k - +0 chain mail
rPois    .         Spirit   .   (helmet restricted)
rElec    .         Reflect  .   (no cloak)
rCorr    .         Harm     .   (no gloves)
MR       .....                  (no boots)
Stlth    ..........             (no amulet)
HPRegen  0.11/turn              g - ring of flight
MPRegen  0.08/turn              m - ring of see invisible

@: no status effects
A: retaliatory headbutt, horns 2
a: Evoke Flight


You were on level 2 of the Dungeon.
You were hungry.

You visited 1 branch of the dungeon, and saw 2 of its levels.

You collected 24 gold pieces.

Inventory:

Hand Weapons
 a - a +0 flail (weapon)
Armour
 b - a +0 scale mail
 c - a +0 shield (worn)
 k - a +0 chain mail (worn)
Jewellery
 g - a ring of flight (left hand)
 m - a ring of see invisible (right hand)
Wands
 s - a wand of flame (30)
Scrolls
 e - 2 scrolls of remove curse {unknown}
 i - a scroll of fear {unknown}
 n - 2 scrolls of enchant weapon {unknown}
 o - 2 scrolls of enchant armour {unknown}
 p - 2 scrolls of identify {unknown}
 r - a scroll of fog {unknown}
Potions
 d - a potion of might
 h - a potion of flight {unknown}
 j - 2 potions of magic {unknown}
 l - a potion of cancellation {unknown}
 q - a potion of curing {unknown}
Comestibles
 f - 4 rations


   Skills:
 + Level 4.0 Fighting
 + Level 3.1 Maces & Flails
 + Level 4.1 Armour
 + Level 0.1 Dodging
 + Level 4.2 Shields


You had 2 spell levels left.
You didn't know any spells.

Dungeon Overview and Level Annotations

Branches:
Dungeon (2/15)

Altars:
Cheibriados
Ru
Trog
Yredelemnul

Annotations:
D:2 Sigmund


Innate Abilities, Weirdness & Mutations

You reflexively headbutt those who attack you in melee.
You have a pair of horns on your head.


Message History

The quokka bites you but does no damage.
The quokka bites you.
* * * LOW HITPOINT WARNING * * *
Sigmund hits you but does no damage. You block the quokka's attack.
You block the quokka's attack.
Sigmund says, "Don't worry, I'll kill you fast."
Sigmund mumbles some strange words.
Sigmund flickers and vanishes for a moment.
The quokka bites you.
* * * LOW HITPOINT WARNING * * *
You block Sigmund's attack.
The quokka bites you but does no damage.
The quokka bites you but does no damage.
Sigmund hits you but does no damage. The quokka bites you.
* * * LOW HITPOINT WARNING * * *
The quokka bites you but does no damage.
Sigmund hits you from afar with a scythe.
You die...

#.# #.### #.#
.....###.#
#........#####
####.#.#.....#
....#.#.###.#
#..#.#.# #.#
.####..#.#.#
#.#
......r@.###
#.# #####..#.#
#.# ...@$#.#
#.#
#####.#.#####.#
#.#.......#
#.#.#######
#.### #.


You could see Sigmund (invisible) and a quokka.

Vanquished Creatures
  An adder (D:2)
  A dart slug (D:2)
  3 leopard geckos
  4 goblins
  2 hobgoblins (D:1)
  4 kobolds
  A ball python (D:1)
  8 bats
  4 frilled lizards
  A rat (D:2)
29 creatures vanquished.

Notes
Turn   | Place    | Note
-------+----------+-------------------------------------------
     0 | D:1      | Freyura the Minotaur Fighter began the quest for the Orb.
     0 | D:1      | Reached XP level 1. HP: 19/19 MP: 0/0
   137 | D:1      | Reached XP level 2. HP: 27/27 MP: 1/1
   685 | D:2      | Reached XP level 3. HP: 28/33 MP: 2/2
   740 | D:2      | Found a snail-covered altar of Cheibriados.
   740 | D:2      | Found a sacrificial altar of Ru.
   740 | D:2      | Found a bloodstained altar of Trog.
   951 | D:2      | Found a basalt altar of Yredelemnul.
  1199 | D:2      | Noticed Sigmund
  1221 | D:2      | Slain by Sigmund

Skill      XL: |  1  2 |
---------------+-------+-----
Shields        | 4 |  4.2
Armour         | 4 |  4.1
Maces & Flails | 3 |  3.1
Fighting       | 4 |  4.0
Dodging        | |  0.1

Action                   || total
-------------------------++-------
Melee: Flail             ||    62
       Headbutt          ||     7
Armor: Scale mail        ||    25
       Chain mail        ||   102
Dodge: Dodged            ||    59
Block: Shield            ||   141
